 Dungeon Crawl Stone Soup version 0.21.1-1-g345015f (webtiles) character file.

118 kaesh the Shield-Bearer (level 5, 0/42 HPs)
             Began as a Formicid Fighter on Mar 20, 2018.
             Succumbed to an adder's poison
             ... on level 2 of the Dungeon.
             The game lasted 00:04:02 (1821 turns).

kaesh the Shield-Bearer (Formicid Fighter)          Turns: 1821, Time: 00:04:03

Health: 0/42       AC:  7    Str: 22    XL:     5   Next: 23%
Magic:  5/5        EV:  8    Int:  7    God:
Gold:   90         SH:  9    Dex: 10    Spells: 4/4 levels left

rFire    . . .     SeeInvis +   a - +1 war axe
rCold    . . .     Gourm    .   c - +0 shield
rNeg     . . .     Faith    +   b - +0 scale mail
rPois    .         Spirit   .   (helmet unavailable)
rElec    .         Reflect  .   (no cloak)
rCorr    .         Harm     .   (no gloves)
MR       .....                  (no boots)
Stlth    ..........             h - amulet of faith
HPRegen  0.14/turn              (no ring)
MPRegen  0.09/turn              (no ring)

@: lethally poisoned (0 -> -6), flying
A: permanent stasis, dig shafts and tunnels, four strong arms, antennae 3
a: Dig, Shaft Self


You were on level 2 of the Dungeon.
You were not hungry.

You visited 1 branch of the dungeon, and saw 2 of its levels.

You collected 90 gold pieces.

Inventory:

Hand Weapons
 a - a +1 war axe (weapon)
Armour
 b - a +0 scale mail (worn)
 c - a +0 shield (worn)
Jewellery
 h - an amulet of faith (around neck)
Scrolls
 g - a scroll of enchant weapon
 i - a scroll of identify
Potions
 d - 2 potions of might
 e - a potion of resistance
Comestibles
 f - 3 rations


   Skills:
 + Level 3.8 Fighting
 + Level 3.4 Axes
 + Level 3.9 Armour
 + Level 0.3 Dodging
 + Level 4.4 Shields


You had 4 spell levels left.
You didn't know any spells.

Dungeon Overview and Level Annotations

Branches:
Dungeon (2/15)

Altars:
Okawaru


Innate Abilities, Weirdness & Mutations

You cannot be hasted, slowed, berserked, paralysed or teleported.
You can dig through walls and to a lower floor.
Your four strong arms can wield two-handed weapons with a shield.
You have a pair of large antennae on your head. (SInv)


Message History

The adder is heavily wounded.
* * * LOW HITPOINT WARNING * * *
You feel sick. You block the adder's attack. x2
You hit the adder.
The adder is severely wounded.
* * * LOW HITPOINT WARNING * * *
You feel sick. The adder closely misses you. You block the adder's attack.
Your shield and scale mail prevent you from hitting the adder.
The adder is severely wounded.
* * * LOW HITPOINT WARNING * * *
You feel sick. The adder bites you.
* * * LOW HITPOINT WARNING * * *
You block the adder's attack.
You closely miss the adder.
The adder is severely wounded.
* * * LOW HITPOINT WARNING * * *
You feel sick. You block the adder's attack.
You barely miss the adder.
The adder is severely wounded.
You die...

#......# #....)).).........# #.
#......# #.###########.....# #.
##......# #.# #>..#.# ##
........###(# #####.#####
.......)).(.# #......
.##.....)########################
.>...............................
..#......########################
. #.#######....%@.......##.......
#. #.###S......#.##.###### .
+.......+.......... .
#.......#....######
############....# #....# #....###
#....).( #....##.


You could see an adder.

Vanquished Creatures
  Jessica (D:2)
  Robin (D:2)
  A gnoll (D:1)
  A worm (D:2)
  4 dart slugs
  3 leopard geckos
  7 bats
  A giant cockroach (D:2)
  17 goblins
  8 hobgoblins
  2 frilled lizards
  5 kobolds (D:2)
  3 rats
54 creatures vanquished.

Notes
Turn   | Place    | Note
-------+----------+-------------------------------------------
     0 | D:1      | kaesh the Formicid Fighter began the quest for the Orb.
     0 | D:1      | Reached XP level 1. HP: 18/18 MP: 1/1
    50 | D:1      | Reached XP level 2. HP: 12/24 MP: 2/2
   566 | D:1      | Reached skill level 4 in Shields
   567 | D:1      | Reached XP level 3. HP: 29/29 MP: 3/3
  1175 | D:2      | Found an iron altar of Okawaru.
  1205 | D:2      | Found a faded altar of an unknown god.
  1238 | D:2      | Reached XP level 4. HP: 26/37 MP: 4/4
  1240 | D:2      | Noticed Jessica
  1255 | D:2      | Killed Jessica
  1612 | D:2      | Noticed Robin
  1637 | D:2      | Killed Robin
  1637 | D:2      | Reached XP level 5. HP: 33/42 MP: 5/5
  1819 | D:2      | HP: 2/42 [adder (1)]
  1821 | D:2      | Succumbed to an adder's poison

Skill      XL: |  1  2  3  4 |
---------------+-------------+-----
Shields        | 4 |  4.4
Axes           | 3 |  3.4
Fighting       | |  3.8
Armour         | |  3.9
Dodging        | |  0.3

Action                   |  1- 3 |  4- 6 || total
-------------------------+-------+-------++-------
Melee: War axe           |    68 |    91 ||   159
  Use: Scroll            |     3 |     3 ||     6
       Potion            |     2 |     1 ||     3
  Eat: Chunk             |     1 |     2 ||     3
Armor: Scale mail        |    18 |    38 ||    56
Dodge: Dodged            |    25 |    31 ||    56
Block: Shield            |    29 |    55 ||    84
